 Dungeon Crawl Stone Soup version 0.30.1-11-g7821555f0a (webtiles) character file.

Game seed: 16156285006431709503

55 lonewolfV2 the Covered (level 4, 0/38 HPs)
             Began as a Formicid Fighter on Nov 15, 2023.
             Slain by an iguana (10 damage)
             ... on level 3 of the Dungeon.
             The game lasted 00:02:24 (1854 turns).

lonewolfV2 the Covered (Formicid Fighter)           Turns: 1854, Time: 00:02:25

Health: 0/38       AC:  8    Str: 22    XL:     4   Next: 14%
Magic:  4/4        EV:  9    Int: 13    God:
Gold:   101        SH:  6    Dex: 13    Spells: 3/3 levels left

rFire   + + .        a - +0 war axe
rCold   . . .        c - +1 buckler
rNeg    . . .        b - +0 scale mail
rPois   .            (helmet unavailable)
rElec   .            (no cloak)
rCorr   .            (no gloves)
SInv    +            g - +0 pair of boots of Asheso {rF++ Will- Int+5}
Will    .....        (no amulet) Stlth
                     (no ring)
HPRegen 0.26/turn    (no ring)
MPRegen 0.09/turn

%: no passive effects
@: no status effects
A: permanent stasis, dig shafts and tunnels, antennae 3, four strong arms
a: Dig, Shaft Self


You were on level 3 of the Dungeon.
You visited 1 branch of the dungeon, and saw 3 of its levels.

You collected 101 gold pieces.

Inventory:

Hand Weapons
 a - a +0 war axe (weapon)
Armour
 b - a +0 scale mail (worn)
 c - a +1 buckler (worn)
 g - the +0 pair of boots of Asheso (worn) {rF++ Will- Int+5}
   (You acquired it on level 1 of the Dungeon)

   Int:       It affects your intelligence (+5).
   rF:        It greatly protects you from fire.
   Will:      It decreases your willpower.
Scrolls
 h - a scroll of enchant weapon {unknown}
Potions
 d - 2 potions of might
 e - a potion of resistance
 f - 3 potions of curing
 i - a potion of attraction {unknown}
 j - a potion of degeneration


   Skills:
 + Level 4.3 Fighting
 - Level 2.0 Axes
 + Level 4.3 Armour
 - Level 4.0 Shields


You had 3 spell levels left.
You didn't know any spells.
Your spell library contained the following spells:

 Spells                   Type           Power      Damage    Failure   Level
 Summon Small Mammal      Summ           0%         N/A       67%         1
 Lesser Beckoning         Tloc           0%         N/A       82%         2
 Momentum Strike          Conj/Tloc      0%         3d8       82%         2
 Call Canine Familiar     Summ           0%         N/A       96%         3
 Frozen Ramparts          Ice            0%         1d1       96%         3
 Summon Guardian Golem    Hex/Summ       0%         N/A       96%         3
 Ice Form                 Ice/Tmut       0%         N/A       100%        4
 Summon Ice Beast         Ice/Summ       0%         N/A       100%        4
 Summon Lightning Spire   Summ/Air       0%         N/A       100%        4
 Fireball                 Conj/Fire      0%         3d3       100%        5
 Iskenderun's Battlesphe  Conj           0%         2d6       100%        5
 Conjure Ball Lightning   Conj/Air       0%         3x3d6     100%        6
 Orb of Destruction       Conj           0%         9d5       100%        7
 Storm Form               Tmut/Air       0%         N/A       100%        7
 Maxwell's Capacitive Co  Air            0%         ∞         100%        8
 Blink                    Tloc           Unusable   N/A       N/A         2

Dungeon Overview and Level Annotations

Branches:
Dungeon (3/15)

Altars:


Innate Abilities, Weirdness & Mutations

You cannot be hasted, slowed, berserked, paralysed or teleported.
You can dig through walls and to a lower floor.
You have a pair of large antennae on your head. (SInv)
Your four strong arms can wield two-handed weapons with a shield.


Message History

You barely miss the adder.
The adder bites you but does no damage. x2
You hit the adder.
The adder is lightly wounded.
You block the adder's attack. The adder bites you but does no damage.
You closely miss the adder.
The adder is lightly wounded.
The adder bites you. The iguana bites you! The ball python closely misses you.
The ball python grabs you. The ball python constricts you.
The adder bites you but does no damage.
You hit the adder but do no damage.
The adder is lightly wounded.
You hit the iguana but do no damage. You closely miss the ball python.
You block the adder's attack.
The ball python bites you but does no damage.
The ball python constricts you. The iguana completely misses you.
You closely miss the adder.
The adder is lightly wounded.
You hit the iguana. You hit the ball python.
You kill the ball python!
The adder closely misses you. The iguana bites you. The adder bites you.
You block the iguana's attack.
You hit the adder.
The adder is severely wounded.
You slash the iguana! The adder closely misses you.
The iguana barely misses you. You block the adder's attack.
You block the adder's attack. The iguana bites you!
You closely miss the iguana.
The iguana is severely wounded.
You closely miss the adder. The adder bites you but does no damage.
You block the iguana's attack. The adder bites you but does no damage.
You hit the iguana but do no damage.
The iguana is severely wounded.
You closely miss the adder. The adder bites you but does no damage.
The iguana closely misses you. The adder bites you but does no damage.
The iguana bites you.
* * * LOW HITPOINT WARNING * * *
You hit the iguana.
The iguana is almost dead.
You closely miss the adder. The adder closely misses you. The iguana bites you!
You die...

###.....###+#
.. #......#
#.. #......#
...##..#...#{
.......#..#
..##..#....#
.......$.###
....#......#
..#.....@..#
##..†Sl..#
#..........+
#..........#
.......?...#
###.........
P8#..........
.P#...........


You could see an iguana and an adder.

Vanquished Creatures
  An adder (D:2)
  4 ball pythons
  5 endoplasms
  A giant cockroach (D:1)
  8 goblins
  4 hobgoblins
  4 jackals (D:1)
  4 kobolds
  A quokka (D:1)
  2 bats (D:2)
  A frilled lizard (D:2)
  3 rats
38 creatures vanquished.

Notes
Turn   | Place    | Note
-------+----------+-------------------------------------------
     0 | D:1      | lonewolfV2 the Formicid Fighter began the quest for the
                  | Orb.
     0 | D:1      | Reached XP level 1. HP: 18/18 MP: 1/1
   213 | D:1      | Reached XP level 2. HP: 16/24 MP: 2/2
   614 | D:1      | Reached XP level 3. HP: 30/30 MP: 3/3
   798 | D:1      | Identified a scroll of acquirement
   798 | D:1      | Acquired the +0 pair of boots of Asheso {rF++ Will- Int+5}
  1506 | D:2      | Found a faded altar of an unknown god.
  1535 | D:2      | Reached XP level 4. HP: 37/37 MP: 4/4
  1854 | D:3      | Slain by an iguana

Illustrated notes

Levels and vault maps discovered:
D:1:      minmay_arrival_hallway, layout_loops_ring, minmay_split_cup_small
D:2:      layout_basic, serial_curves, eino_curves_01, eino_curves_02,
          shapermc_ecumenical_altar_pompeii
D:3:      gammafunk_wand_slinger, layout_rooms, serial_curves, eino_curves_03,
          eino_curves_02, kennysheep_small_spiral

Skill      XL: |  1  2  3 |
---------------+----------+-----
Fighting       | 4 |  4.3
Armour         | 4 |  4.3
Axes           | |  2.0
Shields        | |  4.0

Action                     |  1- 3 |  4- 6 || total
---------------------------+-------+-------++-------
  Melee: War axe           |    88 |    15 ||   103
    Use: Scroll            |     4 |     4 ||     8
 Armour: Scale mail        |    53 |    12 ||    65
  Dodge: Dodged            |    49 |    11 ||    60
  Block: Buckler           |    27 |     9 ||    36
